AoeStats
← falcon_br

Oasis

509994574Analyzed
3v3 RM · 2d ago on Sep 29, 2026· 54m 30s· 6 players
Game mode
Random Map
Map size
Normal (6 player)
Population
200
Speed
Normal
Resources
Standard
Victory
Conquest
Starting age
Dark Age
Ending age
Imperial Age
RankedLock teamsTeams togetherTeam positionsShared explorationLock speedFull tech treeHidden civsTurbo modeCheats
Victory
Defeat
🇨🇱 Khitans · Chile
1220
+14
1201
+15
🇨🇱 Romans · Chile
927
+26
🇧🇷 Wei · Brazil
1263
-22
🇧🇷 Maya · Brazil
1145
-17
🇧🇷 Persians · Brazil
1116
-16
ACHMP | Azunigal
10:39 Loom
13:01 Feudal Age
13:56 Double-Bit Axe
16:10 Forging
16:05 Scale Barding Armor
22:04 Castle Age
21:53 Gold Mining
23:07 Chain Barding Armor
22:51 Husbandry
22:38 Light Cavalry
24:34 Iron Casting
28:25 Domestication
33:12 Bow Saw
40:11 Imperial Age
40:18 Heavy Camel Rider
42:09 Ordo Cavalry
42:51 Plate Barding Armor
50:41 Hussar
BlackDogChile [VIP*]
2:48 Loom
14:26 Feudal Age
18:14 Horse Collar
21:05 Castle Age
19:53 Double-Bit Axe
20:03 Stone Mining
20:53 Fletching
21:37 Town Watch
23:04 Padded Archer Armor
23:00 Elite Skirmisher
29:37 Ballistics
35:34 Imperial Age
33:42 Wheelbarrow
33:48 Forging
33:21 Light Cavalry
36:58 Ballistas
36:47 Man-at-Arms
37:22 Gold Mining
38:51 Heavy Scorpion
40:46 Pikeman
42:16 Bodkin Arrow
42:24 Scale Mail Armor
42:40 Bow Saw
41:58 Halberdier
50:24 Chain Mail Armor
52:13 Town Patrol
ACHMP | Capitan Zap Branigam
3:14 Loom
8:14 Loom
10:53 Feudal Age
11:26 Double-Bit Axe
17:01 Castle Age
18:40 Bow Saw
18:45 Fletching
21:18 Horse Collar
22:04 Gold Mining
24:01 Heavy Plow
24:48 Town Watch
25:54 Bloodlines
26:31 Scale Barding Armor
27:18 Wheelbarrow
27:24 Husbandry
27:55 Forging
31:35 Hand Cart
31:21 Town Patrol
31:22 Stone Mining
35:30 Imperial Age
34:36 Stone Shaft Mining
35:49 Chain Barding Armor
36:05 Iron Casting
36:37 Iron Casting
36:03 Cavalier
37:21 Plate Barding Armor
36:24 Gothikon
37:54 Crop Rotation
37:51 Conscription
39:33 Blast Furnace
39:07 Bodkin Arrow
44:41 Two-Man Saw
falcon_br
9:40 Feudal Age
10:08 Feudal Age
14:32 Castle Age
13:06 Double-Bit Axe
13:03 Horse Collar
14:09 Loom
15:00 Wheelbarrow
18:07 Bloodlines
18:46 Husbandry
20:09 Scale Barding Armor
20:48 Man-at-Arms
24:25 Bow Saw
25:23 Chain Barding Armor
25:51 Forging
30:17 Iron Casting
31:06 Hand Cart
30:37 Town Watch
31:56 Heavy Plow
31:48 Gold Mining
31:51 Stone Mining
38:21 Imperial Age
38:13 Kamandaran
38:06 Cavalier
39:24 Plate Barding Armor
40:52 Blast Furnace
40:14 Savar
52:03 Conscription
54:04 Scale Mail Armor
53:27 Pikeman
54:08 Squires
55:00 Chain Mail Armor
LzDazz
6:37 Loom
6:48 Loom
9:40 Feudal Age
18:05 Castle Age
17:12 Double-Bit Axe
18:53 Wheelbarrow
18:42 Fletching
21:21 Bow Saw
21:59 Horse Collar
24:27 Bodkin Arrow
28:32 Gold Mining
29:23 Heavy Plow
32:25 Imperial Age
31:10 Gold Shaft Mining
31:05 Bloodlines
30:56 Husbandry
32:51 Scale Barding Armor
32:57 Forging
32:58 Heavy Hei Guang Cavalry
34:24 Chain Barding Armor
35:19 Iron Casting
34:46 Light Cavalry
37:54 Chemistry
37:12 Hussar
39:29 Blast Furnace
41:24 Caravan
42:27 Stone Mining
49:24 Conscription
Nordestino
0:26 Loom
10:21 Feudal Age
11:12 Double-Bit Axe
14:06 Fletching
22:14 Castle Age
20:38 Padded Archer Armor
20:22 Horse Collar
21:00 Gold Mining
22:55 Bodkin Arrow
22:22 Crossbowman
23:44 Pikeman
24:26 Squires
24:57 Leather Archer Armor
34:03 Scale Mail Armor
34:14 Forging
36:05 Bow Saw
37:23 Heavy Plow
38:22 Wheelbarrow
41:21 Forging
41:27 Chain Mail Armor
45:45 Hand Cart
47:31 Arson
48:43 Iron Casting
48:41 Ballistics
48:17 Murder Holes
48:03 Treadmill Crane
48:34 Masonry
54:05 Imperial Age
52:32 Thumb Ring
Connection lost

Rejoining the realm…

Still unreachable

The connection could not be restored.

Session expired

The server has moved on; the page needs a fresh start.